 Dungeon Crawl Stone Soup version 0.29-a0-824-gd827844252 (webtiles) character file.

Game seed: 14828158830859762628

27 gobodom the Digger (level 2, -6/19 HPs)
             Began as a Demonspawn Earth Elementalist on July 11, 2022.
             Mangled by a gnoll
             ... wielding a +0 halberd
              (11 damage)
             ... on level 2 of the Dungeon.
             The game lasted 00:01:44 (832 turns).

gobodom the Digger (Demonspawn Earth Elementalist)   Turns: 832, Time: 00:01:46

Health: -6/19      AC:  2    Str:  8    XL:     2   Next: 93%
Magic:  3/5        EV: 12    Int: 16    God:
Gold:   89         SH:  0    Dex: 13    Spells: 4/5 levels left

rFire   . . .      SeeInvis .   (no weapon)
rCold   . . .      Faith    .   (no shield)
rNeg    . . .      Spirit   .   a - +0 robe
rPois   .          Reflect  .   (no helmet)
rElec   .          Harm     .   (no cloak)
rCorr   .          Rampage  .   (no gloves)
Will    .....                   (no boots)
Stlth   ++........              (no amulet)
HPRegen 0.06/turn               (no ring)
MPRegen 0.18/turn               (no ring)

@: no status effects
A: magic regeneration
a: no special abilities


You were on level 2 of the Dungeon.
You visited 1 branch of the dungeon, and saw 2 of its levels.

You collected 89 gold pieces.

Inventory:

Missiles
 d - 10 poisoned darts
Armour
 a - a +0 robe (worn)
Scrolls
 c - 2 scrolls of immolation {unknown}
 e - a scroll of amnesia {unknown}
 h - a scroll of noise {unknown}
 j - a scroll of fear {unknown}
 k - a scroll of blinking {unknown}
Potions
 b - a potion of magic
 f - a potion of berserk rage {unknown}
 g - a potion of mutation {unknown}
 i - a potion of invisibility {unknown}


   Skills:
 + Level 1.7 Dodging
 + Level 1.8 Stealth
 + Level 2.3 Spellcasting
 + Level 1.1 Transmutations
 + Level 3.4 Earth Magic


You had 4 spell levels left.
You knew the following spells:

 Your Spells              Type           Power      Damage    Failure   Level
a - Sandblast             Erth           24%        2d8       4%          1

Your spell library contained the following spells:

 Spells                   Type           Power      Damage    Failure   Level
 Passwall                 Tmut/Erth      7%         N/A       12%         2
 Stone Arrow              Conj/Erth      14%        3d7       30%         3
 Petrify                  Tmut/Erth      9%         N/A       61%         4


Dungeon Overview and Level Annotations

Branches:
Dungeon (2/15)

Altars:


Innate Abilities, Weirdness & Mutations

You regenerate magic rapidly.


Message History

You can't see any susceptible monsters within range! (Use Z to cast anyway.)
The blast of sand hits the adder!
You kill the adder!
A frilled lizard comes into view.
The frilled lizard hisses angrily.
You see here a scroll labelled HOPRUREIMU.
The blast of sand hits the frilled lizard!
You kill the frilled lizard!
k - a scroll labelled HOPRUREIMU A ball python comes into view.
You can't see any susceptible monsters within range! (Use Z to cast anyway.)
The blast of sand hits the ball python!
You kill the ball python! 3 gnolls come into view.
A gnoll comes into view. It is wielding a +0 club.
The gnoll shouts! x2
Found a metallic purple potion.
Found an escape hatch in the ceiling.
The gnoll shouts!
The blast of sand hits the gnoll.
The gnoll is lightly wounded.
The gnoll barely misses you.
The blast of sand hits the gnoll!
The gnoll is severely wounded.
The gnoll completely misses you.
The gnoll hits you from afar with a +0 halberd!
The gnoll hits you with a +0 club.
* * * LOW HITPOINT WARNING * * *
You are too injured to fight recklessly!
You are too injured to fight recklessly!
Casting: Sandblast (safe; 4% risk of failure)
Confirm with . or Enter, or press ? or * to list all spells.
Aiming: Sandblast (safe; 4% risk of failure)
Press: ? - help, Shift-Dir - straight line, f/p - gnoll
Aim: a gnoll, wielding a +0 club (severely wounded, 82% to hit)
The blast of sand hits the gnoll.
You kill the gnoll!
The gnoll hits you from afar with a +0 halberd!
Ouch! That really hurt!
You die...

### ###.... . ......<.. ..
#### .......!.. ........#
..## .......... .........#
#..# ##........###........#
#...
#..........###.....#.#####..#
#.........gg@........#.......
#......$..g####..............
#....................####..##
#..........#.........##...###
##........##............### #
#........##.............#
#.####.####.####........#####
#.####.####..###.............
#.........#...##....#........


You could see 3 gnolls.

Vanquished Creatures
  A gnoll (D:2)
  An adder (D:2)
  2 ball pythons
  4 endoplasms
  2 goblins (D:1)
  2 hobgoblins
  3 kobolds (D:1)
  A frilled lizard (D:2)
  2 rats (D:1)
18 creatures vanquished.

Notes
Turn   | Place    | Note
-------+----------+-------------------------------------------
     0 | D:1      | gobodom the Demonspawn Earth Elementalist began the quest
                  | for the Orb.
     0 | D:1      | Reached XP level 1. HP: 13/13 MP: 3/3
   207 | D:1      | Reached skill level 3 in Earth Magic
   251 | D:1      | Reached skill level 1 in Transmutations
   253 | D:1      | Gained mutation: You regenerate magic rapidly. [demonic
                  | ancestry]
   253 | D:1      | Reached XP level 2. HP: 19/19 MP: 1/5
   832 | D:2      | Mangled by a gnoll

Illustrated notes

Levels and vault maps discovered:
D:1:      psy_arrival_spokes, layout_loops_ring, minmay_misc_feat_rows
D:2:      layout_rooms, basic_altar, ebering_ecumenical_altar_abandoned,
          nicolae_kite_square_tiling_tiny, kennysheep_potato, uniq_robin

Skill      XL: |  1 |
---------------+----+-----
Earth Magic    | 3 |  3.4
Transmutations | 1 |  1.1
Dodging        | |  1.7
Stealth        | |  1.8
Spellcasting   | |  2.3

Action                   || total
-------------------------++-------
 Cast: Sandblast         ||    26
Dodge: Dodged            ||     4

Table legend: (Time is in decaauts)
 A = Elapsed time spent in this place.
 B = Non-inter-level travel time spent in this place.
 C = Inter-level travel time spent in this place.
 D = Time resting spent in this place.
 E = Time spent auto-exploring this place.
 F = Levels seen in this place.
 G = Mean time per level.
                   A        B        C        D        E       F      G
               +--------+--------+--------+--------+--------+-----+--------+
         Total |    857 |    839 |     18 |      0 |    685 |   2 |  428.5 |
       Dungeon |    857 |    839 |     18 |      0 |    685 |   2 |  428.5 |
               +--------+--------+--------+--------+--------+-----+--------+

Top non-repeatable levels by time:
     D:1: 747 daAuts
     D:2: 110 daAuts
